 Dungeon Crawl Stone Soup version 0.29-a0-422-gafbd6decc1 (webtiles) character file.

Game seed: 2150922091236443625

1897 trckry the Reanimator (level 8, -16/52 HPs)
             Began as a Mummy Necromancer on May 18, 2022.
             Was an Initiate of Gozag.
             Killed from afar by a deep elf zephyrmancer (33 damage)
             ... with a bolt of lightning
             ... on level 6 of the Dungeon.
             The game lasted 00:14:47 (6538 turns).

trckry the Reanimator (Mummy Necromancer)           Turns: 6538, Time: 00:14:48

Health: -16/52     AC:  5    Str: 14    XL:     8   Next: 93%
Magic:  20/26      EV: 12    Int: 16    God:    Gozag
Gold:   380        SH:  5    Dex: 12    Spells: 13/19 levels left

rFire   x . .      SeeInvis +   l - +6 rapier "Zuhod" {speed, rN+ Will+ Str+2}
rCold   + . .      Faith    .   (no shield)
rNeg    + + +      Spirit   .   a - +0 robe
rPois   ∞          Reflect  +   (no helmet)
rElec   .          Harm     .   p - +0 cloak
rCorr   .          Rampage  .   f - +0 pair of gloves
Will    ++...                   o - +0 pair of boots
Stlth   ++........              r - amulet of reflection
HPRegen 0.17/turn               g - ring of magical power
MPRegen 0.20/turn               k - ring of see invisible

@: no status effects
A: cold resistance 1, negative energy resistance 3, torment resistance 2, heat
vulnerability 1, in touch with death 1, no potions
a: Renounce Religion, Potion Petition, Call Merchant, Bribe Branch


You were on level 6 of the Dungeon.
You worshipped Gozag.
Gozag was aware of your devotion.
You visited 1 branch of the dungeon, and saw 6 of its levels.

You collected 753 gold pieces.
You spent 353 gold pieces at shops.
You paid 20 gold pieces to Gozag.

Inventory:

Hand Weapons
 l - the +6 rapier "Zuhod" (weapon) {speed, rN+ Will+ Str+2}
   (You bought it in a shop on level 2 of the Dungeon)

   Attacks with this weapon are significantly faster.
   Str:       It affects your strength (+2).
   rN:        It protects you from negative energy.
   Will:      It increases your willpower.
Missiles
 h - 8 poisoned darts (quivered)
Armour
 a - a +0 robe (worn)
 f - a +0 pair of gloves (worn)
 o - a +0 pair of boots (worn)
 p - a +0 cloak (worn)
Jewellery
 g - a ring of magical power (left hand)
 k - a ring of see invisible (right hand)
 r - an amulet of reflection (around neck)
Wands
 j - a wand of paralysis (9)
 n - a wand of flame (14)
Scrolls
 b - 2 scrolls of enchant weapon {unknown}
 c - a scroll of blinking {unknown}
 d - 7 scrolls of identify {unknown}
 e - 2 scrolls of magic mapping {unknown}
 i - 5 scrolls of teleportation {unknown}
 m - a scroll of poison {unknown}
 q - 2 scrolls of vulnerability {unknown}


   Skills:
 - Level 1.5 Dodging
 - Level 1.5 Stealth
 - Level 6.0 Spellcasting
 * Level 10.8 Necromancy
 - Level 3.0 Translocations


You had 13 spell levels left.
You knew the following spells:

 Your Spells              Type           Power      Damage    Failure   Level
a - Pain                  Necr           100%       1d9       1%          1
b - Vampiric Draining     Necr           56%        2d10      1%          3
z - Blink                 Tloc           28%        N/A       6%          2

Your spell library contained the following spells:

 Spells                   Type           Power      Damage    Failure   Level
 Animate Skeleton         Necr           100%       N/A       1%          1
 Animate Dead             Necr           28%        N/A       1%          4
 Agony                    Necr           56%        N/A       4%          5
 Portal Projectile        Hex/Tloc       18%        N/A       22%         3
 Call Canine Familiar     Summ           4%         N/A       38%         3
 Manifold Assault         Tloc           14%        N/A       73%         5
 Leda's Liquefaction      Hex/Erth       2%         N/A       80%         4
 Petrify                  Tmut/Erth      4%         N/A       80%         4
 Metabolic Englaciation   Hex/Ice        2%         N/A       98%         5
 Statue Form              Tmut/Erth      Unusable   N/A       N/A         6
 Storm Form               Tmut/Air       Unusable   N/A       N/A         7

Dungeon Overview and Level Annotations

Branches:
Dungeon (6/15)
 Temple: D:4-7

Altars:
Cheibriados
Gozag

Shops:
D:1 (   D:2 (   D:3 (   D:5 [*

Annotations:
D:4 3 runed translucent doors, quinnr's ghost, amateur TeAE


Innate Abilities, Weirdness & Mutations

You are immune to poison.
Your flesh is cold resistant. (rC+)
You are immune to negative energy. (rN+++)
You are immune to unholy pain and torment.
You are vulnerable to heat. (rF-)
You are in touch with the powers of death.
You do not drink.


Message History

You now have 23/26 mp.
Casting: Pain (safe; 1% risk of failure)
Confirm with . or Enter, or press ? or * to list all spells.
Aiming: Pain (safe; 1% risk of failure)
Press: ? - help, Shift-Dir - straight line, f/p - deep elf zephyrmancer
Aim: a deep elf zephyrmancer, wielding a +0 short sword (lightly wounded, chance to affect: 70%)
You feel a surge of power!
The deep elf zephyrmancer writhes in agony!
You now have 22/26 mp.
Casting: Pain (safe; 1% risk of failure)
Confirm with . or Enter, or press ? or * to list all spells.
Aiming: Pain (safe; 1% risk of failure)
Press: ? - help, Shift-Dir - straight line, f/p - deep elf zephyrmancer
Aim: a deep elf zephyrmancer, wielding a +0 short sword (moderately wounded, chance to affect: 70%)
You feel a surge of power!
The deep elf zephyrmancer writhes in agony.
The deep elf zephyrmancer casts a spell.
The deep elf zephyrmancer blinks!
Casting: Pain (safe; 1% risk of failure)
Confirm with . or Enter, or press ? or * to list all spells.
Aiming: Pain (safe; 1% risk of failure)
Press: ? - help, Shift-Dir - straight line, f/p - deep elf zephyrmancer
Aim: a deep elf zephyrmancer, wielding a +0 short sword (moderately wounded, chance to affect: 70%)
You feel a surge of power!
The deep elf zephyrmancer struggles to resist.
The deep elf zephyrmancer casts a spell at you.
The bolt of lightning hits you! The bolt of lightning hits you!!
You take 35 damage, and have 17/52 hp.
MASSIVE DAMAGE!!
You now have 21/26 mp.
Casting: Pain (safe; 1% risk of failure)
Confirm with . or Enter, or press ? or * to list all spells.
Aiming: Pain (safe; 1% risk of failure)
Press: ? - help, Shift-Dir - straight line, f/p - deep elf zephyrmancer
Aim: a deep elf zephyrmancer, wielding a +0 short sword (moderately wounded, chance to affect: 70%)
You feel a surge of power!
The deep elf zephyrmancer struggles to resist.
The deep elf zephyrmancer points at you and mumbles some strange words.
The bolt of lightning misses you. The bolt of lightning hits you!!
Ouch! That really hurt!
You die...
Your body crumbles into a pile of gold.

#.........# #!........#
#.........# #.........# ##.
#..))..(..#####....
###..)...).........≈.
#..............#..≈
#.###########..# #.#.@'8.?+ #..#
#.#..'...+..#.##
#############.#..'...+..#.#
..............#..#+++#..#.#
#############.#.e#...#..#.##
.....#######..#..#...#..#..######
..............#..#...#..#........
.....#....###.#..#...#..#..######
.....#....###.#..#...#..#.....#


You could see a deep elf zephyrmancer.

Vanquished Creatures
  A shadow (D:5)
  Eustachio (D:5)
  2 ice beasts
  2 black bears (D:5)
  2 ogres
  A centaur (D:6)
  2 phantoms (D:5)
  A kobold brigand (D:5)
  A necrophage (D:5)
  A bullfrog (D:6)
  A gnoll sergeant (D:6)
  3 scorpions
  A crimson imp (D:4)
  2 jellies
  2 iguanas
  2 orc wizards (D:4)
  5 gnolls (D:6)
  4 adders
  3 white imps
  2 ufetubi (D:6)
  A dart slug (D:1)
  11 orcs
  7 bats
  3 endoplasms
  3 giant cockroaches
  5 goblins
  7 hobgoblins
  4 jackals (D:4)
  7 kobolds
  4 quokkas
  5 ball pythons
  3 frilled lizards
  3 rats
102 creatures vanquished.

Vanquished Creatures (others)
  2 fungi (D:4)
  2 plants (D:4)
4 creatures vanquished.

Grand Total: 106 creatures vanquished

Notes
Turn   | Place    | Note
-------+----------+-------------------------------------------
     0 | D:1      | trckry the Mummy Necromancer began the quest for the Orb.
     0 | D:1      | Reached XP level 1. HP: 13/13 MP: 4/4
   250 | D:1      | Reached XP level 2. HP: 19/19 MP: 4/6
   821 | D:1      | Gained mutation: You are in touch with the powers of death.
                  | [Mummy growth]
   821 | D:1      | Reached XP level 3. HP: 24/24 MP: 0/7
  1223 | D:1      | Found Wionue's Weapon Boutique.
  1272 | D:1      | Learned a level 3 spell: Vampiric Draining
  1455 | D:2      | Found Rahoo's Antique Weapon Shop.
  1976 | D:2      | Found an opulent altar of Gozag.
  1983 | D:2      | Became a worshipper of Gozag Ym Sagoz the Greedy
  2325 | D:3      | Reached skill level 5 in Necromancy
  2347 | D:3      | Found Oshoninlee's Antique Weapon Shoppe.
  2355 | D:3      | Noticed a scorpion
  2361 | D:3      | Killed a scorpion
  2362 | D:3      | Reached XP level 4. HP: 30/30 MP: 10/10
  2726 | D:3      | Learned a level 2 spell: Blink
  2841 | D:3      | Found a faded altar of an unknown god.
  3095 | D:2      | Bought a smoking rapier for 171 gold pieces
  3095 | D:2      | Identified the +6 rapier "Zuhod" {speed, rN+ Will+ Str+2}
                  | (You bought it in a shop on level 2 of the Dungeon)
  3158 | D:4      | Reached XP level 5. HP: 35/35 MP: 11/11
  3419 | D:4      | Reached skill level 6 in Necromancy
  3419 | D:4      | Reached skill level 1 in Translocations
  3810 | D:4      | Found a runed translucent gate.
  3810 | D:4      | Found a runed translucent gate.
  3812 | D:4      | Found a runed translucent gate.
  3813 | D:4      | Noticed quinnr's ghost (amateur TeAE)
  3870 | D:4      | Reached XP level 6. HP: 41/41 MP: 13/13
  3974 | D:4      | Reached skill level 5 in Spellcasting
  4580 | D:5      | Entered Level 5 of the Dungeon
  4628 | D:5      | Noticed a shadow
  4649 | D:5      | Killed a shadow
  4650 | D:5      | Reached skill level 7 in Necromancy
  4650 | D:5      | Reached XP level 7. HP: 33/46 MP: 15/15
  4840 | D:5      | Found Uwkegeig's Antique Armour Shoppe.
  4978 | D:5      | Reached skill level 8 in Necromancy
  5071 | D:5      | Reached XP level 8. HP: 21/52 MP: 17/17
  5353 | D:5      | Noticed Eustachio
  5358 | D:5      | Reached skill level 9 in Necromancy
  5369 | D:5      | Killed Eustachio
  5697 | D:5      | Found Roacer's Assorted Antiques.
  5707 | D:5      | Bought an opal ring for 130 gold pieces
  5707 | D:5      | Bought a scroll labelled WIUJOK UCLEIHI for 26 gold pieces
  5707 | D:5      | Bought a scroll labelled PAHYRA CORR for 26 gold pieces
  5832 | D:6      | Reached skill level 10 in Necromancy
  6177 | D:6      | Found a snail-covered altar of Cheibriados.
  6531 | D:6      | Noticed a deep elf zephyrmancer
  6538 | D:6      | Killed from afar by a deep elf zephyrmancer

Illustrated notes

Levels and vault maps discovered:
D:1:      matt_arrival_spirals, layout_loops_ring, serial_shops,
          nicolae_shop_bloodbath_and_beyond
D:2:      layout_loops_corners, serial_shops, nicolae_shop_overgrown_old_shop,
          basic_altar
D:3:      layout_loops_cross, serial_shops, nicolae_diamond_shop,
          basic_ecumenical_altar, solitary_fountain, grunt_decor_clamped
D:4:      layout_basic, gammafunk_ghost_nasty_kobolds, nicolae_zen_rock_garden,
          minmay_fire_ice_demons
D:5:      minmay_spotlight, layout_rooms, serial_shops, nicolae_lakefront_shop,
          nicolae_shop_stone, uniq_eustachio
D:6:      layout_basic, kennysheep_mini_moat, temple_hall,
          chequers_serial_rivers_micro_c, minivault_26,
          guppyfry_early_elven_hall

Skill      XL: |  1  2  3  4  5  6  7  8 |
---------------+-------------------------+-----
Spellcasting   | 3 4 5 6 |  6.0
Necromancy     | 5 6 7 8 10 | 10.8
Translocations | 1 2 3 |  3.0
Dodging        | |  1.5
Stealth        | |  1.5

Action                   |  1- 3 |  4- 6 |  7- 9 || total
-------------------------+-------+-------+-------++-------
Melee: Rapier            |       |    44 |   114 ||   158
 Cast: Pain              |    69 |    47 |    25 ||   141
       Vampiric Draining |       |     4 |    20 ||    24
 Stab: Sleeping          |       |     1 |       ||     1
Armor: Robe              |     1 |     5 |    40 ||    46
Dodge: Dodged            |    10 |    17 |    60 ||    87
Block: Other             |       |       |     2 ||     2

Table legend: (Time is in decaauts)
 A = Elapsed time spent in this place.
 B = Non-inter-level travel time spent in this place.
 C = Inter-level travel time spent in this place.
 D = Time resting spent in this place.
 E = Time spent auto-exploring this place.
 F = Levels seen in this place.
 G = Mean time per level.
                   A        B        C        D        E       F      G
               +--------+--------+--------+--------+--------+-----+--------+
         Total |   6504 |   6215 |    289 |    141 |   5226 |   6 | 1084.0 |
       Dungeon |   6504 |   6215 |    289 |    141 |   5226 |   6 | 1084.0 |
               +--------+--------+--------+--------+--------+-----+--------+

Top non-repeatable levels by time:
     D:4: 1448 daAuts
     D:1: 1273 daAuts
     D:5: 1194 daAuts
     D:2: 1088 daAuts
     D:3: 761 daAuts
     D:6: 738 daAuts
